Map: Hardwire LE

Players

Pumba - Winner!

  • Race: Protoss Protoss
  • League: Platinum
  • Spawn Location: 1:00

GeddyLee

  • Race: Protoss Protoss
  • League: Platinum
  • Spawn Location: 7:00

VOD

Have the link to the VOD?

Description

Time

  • Played on: Feb. 8, 2022, 7:44 p.m.
  • Length: 8:59
Show
View Real Time Build Order
Export as new Build Order

Pumba Protoss - Winner!

Build Orders: Oracle Opening, Zealot Archon 

Get SALT Encoding   

  12  0:00  Probe  
  13  0:12  Probe  
  14  0:17  Pylon  
  14  0:24  Probe (Chrono Boost)  
  15  0:37  Probe (Chrono Boost)  
  15  0:38  Gateway  
  16  0:45  Probe (Chrono Boost)  
  16  0:46  Assimilator  
  17  0:51  Probe  
  18  1:03  Probe (Chrono Boost)  
  19  1:04  Assimilator  
  19  1:14  Gateway, Probe (Chrono Boost)  
  20  1:25  Cybernetics Core  
  20  1:27  Probe  
  21  1:38  Pylon  
  21  1:39  Probe  
  22  1:52  Probe  
  23  2:01  Stalker x2  
  23  2:05  Probe  
  28  2:11  Pylon  
  28  2:26  Stargate  
  28  2:38  Probe  
  28  2:43  Nexus  
  29  2:45  Warp Gate  
  29  2:51  Adept  
  29  2:56  Adept  
  33  3:00  Probe  
  34  3:12  Probe  
  35  3:20  Oracle (Chrono Boost)  
  35  3:24  Probe  
  39  3:44  Shield Battery  
  41  3:55  Probe (Chrono Boost)  
  41  4:00  Probe (Chrono Boost)  
  41  4:02  Robotics Facility  
  41  4:04  Forge  
  41  4:05  Probe (Chrono Boost)  
  41  4:06  Twilight Council  
  41  4:08  Probe (Chrono Boost), Pylon  
  43  4:10  Probe (Chrono Boost)  
  43  4:15  Pylon  
  44  4:18  Probe  
  44  4:22  Probe  
  46  5:01  Probe x2  
  46  5:03  Assimilator  
  46  5:05  Assimilator  
  48  5:07  Protoss Ground Weapons Level 1  
  48  5:08  Charge  
  48  5:09  Observer (Chrono Boost)  
  48  5:11  Sentry  
  48  5:12  Stalker  
  48  5:13  Probe (Chrono Boost)  
  48  5:18  Probe (Chrono Boost), Pylon  
  48  5:25  Probe (Chrono Boost)  
  48  5:28  Probe (Chrono Boost)  
  50  5:29  Nexus  
  50  5:30  Probe (Chrono Boost)  
  50  5:32  Immortal  
  55  5:42  Gateway  
  55  5:44  Zealot  
  55  5:45  Gateway  
  55  5:47  Gateway  
  55  5:49  Gateway  
  57  5:53  Gateway  
  57  5:57  Probe, Gateway  
  57  6:01  Probe  
  59  6:06  Pylon  
  59  6:09  Probe  
  60  6:13  Probe  
  60  6:18  Warp Prism (Chrono Boost)  
  63  6:27  Templar Archives  
  63  6:32  Pylon x2  
  63  6:33  Probe x2  
  63  6:35  Pylon  
  65  6:45  Probe x3  
  68  6:49  Immortal (Chrono Boost)  
  72  6:57  Probe x2  
  72  6:58  Probe  
  72  7:01  Zealot x3  
  81  7:23  Zealot x3  
  81  7:24  Zealot x5  
  97  7:36  Pylon  
  97  7:40  Pylon  
  97  7:43  Pylon  
  97  7:47  Pylon  
  97  7:50  High Templar x3  
  97  7:51  High Templar x5  
  113  7:57  Archon x4  
  112  8:19  Zealot x7  
  126  8:23  Zealot  
  126  8:42  Zealot x2  
  126  8:43  Zealot x6  
Show
View Real Time Build Order
Export as new Build Order

GeddyLee Protoss 

Build Orders: 1 Gate Expand 

Get SALT Encoding   

  12  0:00  Probe  
  13  0:12  Probe  
  14  0:18  Pylon  
  14  0:24  Probe  
  15  0:36  Probe (Chrono Boost)  
  15  0:38  Gateway  
  16  0:44  Assimilator  
  16  0:49  Probe (Chrono Boost)  
  17  0:53  Probe (Chrono Boost)  
  18  1:05  Probe  
  19  1:17  Probe  
  20  1:24  Nexus  
  20  1:32  Cybernetics Core  
  20  1:36  Probe  
  21  1:44  Assimilator  
  21  1:48  Probe  
  21  1:50  Pylon  
  22  2:00  Probe (Chrono Boost)  
  23  2:09  Warp Gate  
  23  2:12  Probe (Chrono Boost), Stalker  
  24  2:17  Probe (Chrono Boost)  
  27  2:27  Probe (Chrono Boost)  
  28  2:33  Pylon  
  28  2:36  Probe (Chrono Boost)  
  29  2:42  Sentry  
  32  2:44  Probe (Chrono Boost)  
  32  2:46  Probe (Chrono Boost)  
  32  2:51  Probe (Chrono Boost)  
  34  2:53  Robotics Facility, Probe  
  34  2:54  Gateway  
  35  3:03  Probe  
  36  3:08  Stalker (Chrono Boost)  
  35  3:21  Probe x2  
  37  3:30  Shield Battery  
  37  3:33  Probe x2  
  39  3:35  Stalker (Chrono Boost)  
  39  3:36  Pylon  
  41  3:45  Probe  
  41  3:46  Immortal  
  47  3:48  Probe  
  47  3:57  Probe  
  47  4:00  Probe  
  49  4:09  Probe  
  50  4:12  Probe  
  50  4:16  Stalker x2  
  55  4:21  Probe  
  56  4:24  Probe  
  56  4:25  Pylon  
  56  4:26  Observer  
  55  4:33  Probe  
  55  4:36  Probe  
  49  4:39  Stalker x2  
  45  4:46  Probe  
  45  4:49  Probe  
  41  4:58  Probe  
  39  5:01  Shield Battery, Probe  
  39  5:10  Probe (Chrono Boost)  
  39  5:13  Probe (Chrono Boost)  
  42  5:22  Probe (Chrono Boost)  
  42  5:25  Probe (Chrono Boost)  
  43  5:29  Probe (Chrono Boost)  
  43  5:31  Probe (Chrono Boost)  
  45  5:37  Probe (Chrono Boost)  
  45  5:40  Probe (Chrono Boost)  
  45  5:41  Immortal  
  51  5:46  Probe (Chrono Boost)  
  51  5:47  Probe (Chrono Boost)  
  53  5:51  Probe (Chrono Boost), Assimilator  
  53  5:52  Pylon  
  53  5:54  Assimilator  
  53  5:55  Probe (Chrono Boost)  
  55  6:03  Probe (Chrono Boost)  
  56  6:08  Pylon  
  57  6:13  Probe (Chrono Boost)  
  57  6:14  Probe (Chrono Boost)  
  58  6:19  Probe (Chrono Boost), Stalker x2  
  58  6:20  Probe (Chrono Boost)  
  64  6:29  Probe  
  64  6:31  Probe  
  66  6:43  Nexus  
  66  6:45  Probe (Chrono Boost)  
  66  6:46  Pylon  
  67  6:48  Probe (Chrono Boost)  
  67  6:49  Pylon  
  68  6:57  Probe (Chrono Boost)  
  68  7:00  Probe (Chrono Boost)  
  68  7:01  Immortal  
  74  7:03  Probe (Chrono Boost)  
  74  7:07  Stalker  
  77  7:09  Stalker  
  77  7:13  Probe  
  77  7:15  Probe  
  81  7:25  Probe (Chrono Boost)  
  81  7:28  Probe (Chrono Boost)  
  83  7:31  Stalker  
  83  7:32  Stalker  
  88  7:37  Probe (Chrono Boost)  
  89  7:44  Probe (Chrono Boost)  
  89  7:45  Probe (Chrono Boost)  
  89  7:51  Probe  
  91  7:53  Probe, Forge x2  
  91  7:56  Twilight Council  
  92  8:00  Immortal, Pylon  
  92  8:03  Probe  
  92  8:05  Probe  
  98  8:06  Stalker  
  98  8:10  Probe  
  98  8:11  Stalker  
  103  8:15  Probe  
  103  8:17  Probe  
  105  8:22  Probe, Pylon  
  106  8:27  Probe, Gateway  
  106  8:28  Gateway  
Tags
 
Add a new tag
Caveats
  • Supply blocks, unpowered buildings, or Contaminate may cause inaccurate times.
  • Supply counts are checked every 10 seconds.